 Dungeon Crawl Stone Soup version 0.20-a0-531-g6a4a307 (webtiles) character file.

95 Dharzhak the Chopper (level 4, -4/33 HPs)
             Began as a Demonspawn Gladiator on Jan 27, 2017.
             Slain by Natasha (6 damage)
             ... on level 2 of the Dungeon.
             The game lasted 00:04:21 (1764 turns).

Dharzhak the Chopper (Demonspawn Gladiator)         Turns: 1764, Time: 00:04:21

Health: -4/33      AC:  9    Str: 16    XL:     4   Next: 40%
Magic:  4/4        EV:  4    Int:  9    God:
Gold:   64         SH:  7    Dex: 14    Spells: 3/3 levels left

rFire    . . .     SeeInvis .   a - +0 war axe
rCold    . . .     Gourm    .   v - +0 chain mail
rNeg     . . .     Faith    .   c - +0 shield
rPois    .         Spirit   .   (helmet restricted)
rElec    .         Reflect  .   p - +0 cloak
rCorr    .         Harm     .   (no gloves)
MR       .....                  (no boots)
Stlth    ..........             (no amulet)
Regen    0.2/turn               (no ring)
                                (no ring)

@: drained
A: horns 1, talons 1, spiny 1
a: no special abilities


You were on level 2 of the Dungeon.
You were not hungry.

You visited 1 branch of the dungeon, and saw 2 of its levels.

You collected 64 gold pieces.

Inventory:

Hand Weapons
 a - a +0 war axe (weapon)
 u - a +5 flail of draining
Missiles
 d - 3 throwing nets (quivered)
Armour
 c - a +0 shield (worn)
 n - a +0 ring mail
 p - a +0 cloak (worn)
 s - a cursed -1 buckler
 v - a +0 chain mail (worn)
Jewellery
 t - a +4 ring of intelligence {unknown}
Scrolls
 b - a scroll of fog {unknown}
 e - 4 scrolls of recharging {unknown}
 j - 2 scrolls of identify {unknown}
 q - a scroll of amnesia {unknown}
 w - a scroll of noise {unknown}
Potions
 k - a potion of curing {unknown}
 l - a potion of haste {unknown}
 m - a potion of agility {unknown}
 r - a potion of ambrosia {unknown}
Comestibles
 f - 3 bread rations
 g - a meat ration
 h - 8 fruits
 i - 3 royal jellies


   Skills:
 + Level 2.2(1.6) Fighting
 + Level 4.0(3.3) Axes
 + Level 1.8(1.2) Throwing
 + Level 1.0(0.3) Armour
 + Level 3.2(2.5) Dodging
 + Level 0.1(0.0) Shields


You had 3 spell levels left.
You didn't know any spells.

Dungeon Overview and Level Annotations

Branches:
Dungeon (2/15)

Altars:
Dithmenos
Uskayaw

Annotations:
D:2 Natasha


Innate Abilities, Weirdness & Mutations

You have a pair of small horns on your head.
You have sharp toenails.
You are partially covered in sharp spines.


Message History

Natasha claws you but does no damage. The iron imp hits you.
You closely miss Natasha. Your kick misses Natasha.
You headbutt Natasha, but do no damage.
Natasha is heavily wounded.
You hit the iron imp. Natasha casts a spell at you. The magic dart hits you!
* * * LOW HITPOINT WARNING * * *
The iron imp is struck by your spines.
You kill the iron imp!
Natasha claws you but does no damage.
Your shield and chain mail prevent you from hitting Natasha.
Your headbutt misses Natasha.
Natasha is heavily wounded.
Natasha is struck by your spines. Natasha claws you but does no damage.
Your shield and chain mail prevent you from hitting Natasha.
You claw Natasha, but do no damage.
Natasha is severely wounded.
Natasha claws you.
You die...

#.# #.#
###########.##
#.#
.(...........#
#.#
.............#
..#
############.#
#.# #.#
#.############
#...h@........
##############


You could see Natasha.

Vanquished Creatures
  Terence (D:2)
  Natasha (D:2)
  2 dart slugs
  A leopard gecko (D:1)
  A giant cockroach (D:2)
  6 goblins
  3 hobgoblins
  4 jackals (D:2)
  2 quokkas (D:2)
  6 bats
  A frilled lizard (D:1)
  5 kobolds
  4 rats
37 creatures vanquished.

Notes
Turn   | Place    | Note
-------+----------+-------------------------------------------
     0 | D:1      | Dharzhak the Demonspawn Gladiator began the quest for the Orb.
     0 | D:1      | Reached XP level 1. HP: 16/16 MP: 1/1
   509 | D:1      | Gained mutation: You are partially covered in sharp spines. [demonic ancestry]
   509 | D:1      | Reached XP level 2. HP: 22/22 MP: 2/2
   603 | D:1      | Reached skill level 3 in Axes
  1029 | D:2      | Found a shadowy altar of Dithmenos.
  1066 | D:2      | Gained mutation: You have a pair of small horns on your head. [demonic ancestry]
  1066 | D:2      | Reached XP level 3. HP: 27/27 MP: 3/3
  1157 | D:2      | Noticed Natasha
  1167 | D:2      | Killed Natasha
  1172 | D:2      | Found a hide-covered altar of Uskayaw.
  1474 | D:2      | Gained mutation: You have sharp toenails. [demonic ancestry]
  1474 | D:2      | Reached XP level 4. HP: 30/33 MP: 4/4
  1504 | D:2      | Noticed Terence
  1512 | D:2      | Killed Terence
  1512 | D:2      | Reached skill level 4 in Axes
  1512 | D:2      | Reached skill level 1 in Armour
  1591 | D:2      | Noticed Natasha
  1762 | D:2      | HP: 1/33 [Natasha/magic dart (9)]
  1764 | D:2      | Slain by Natasha

Vault maps used:
D:1:      saegor_arrival_simple_b, minmay_misc_feat_tiny, minmay_misc_feat_five
D:2:      grunt_dithmenos_smoke_and_mirrors, nicolae_overflow_crystal_walls,
          first_bread, uniq_terence, uniq_natasha

Skill      XL: |  1  2  3  4 |
---------------+-------------+-----
Axes           | 3 4 |  4.0
Dodging        | 3 |  3.2
Armour         | 1 |  1.0
Fighting       | |  2.2
Throwing       | |  1.8
Shields        | |  0.1

Action                   |  1- 3 |  4- 6 || total
-------------------------+-------+-------++-------
Melee: War axe           |    80 |    16 ||    96
       Headbutt          |     4 |     4 ||     8
       Kick              |       |     3 ||     3
  Eat: Chunk             |     2 |     1 ||     3
Armor: Leather armour    |    12 |       ||    12
       Ring mail         |    31 |     1 ||    32
       Chain mail        |       |     7 ||     7
Dodge: Dodged            |    55 |     3 ||    58
Block: Shield            |    17 |     3 ||    20
